 Dungeon Crawl Stone Soup version 0.20.0-15-g7f486f2 (webtiles) character file.

349844 Hasart the Gelid (level 21, -7/144 HPs)
             Began as a Demonspawn Wizard on June 15, 2017.
             Was the Champion of Sif Muna.
             Mangled by a peacekeeper (9 damage)
             ... in the Desolation of Salt on June 16, 2017.
             The game lasted 04:26:44 (69427 turns).

Hasart the Gelid (Demonspawn Wizard)               Turns: 69427, Time: 04:26:45

Health: -7/144     AC: 24    Str:  6      XL:     21   Next: 26%
Magic:  40/40      EV: 17    Int: 43 (44) God:    Sif Muna [******]
Gold:   543        SH:  0    Dex: 21 (22) Spells: 0/51 levels left

rFire    . . .     SeeInvis .   a - +4 falchion of the Omega Point {slice, Str+3 Int+6}
rCold    + + +     Gourm    .   G - +4 shield {reflect}
rNeg     . . .     Faith    .   W - +1 robe of a treasure trove {rF- Int+7 Slay+5}
rPois    +         Spirit   .   j - +1 helmet {Int+3}
rElec    .         Reflect  +   M - +2 cloak {rPois}
rCorr    .         Harm     .   T - +2 pair of gloves
MR       +....                  S - +2 pair of boots of Midsummer {rF+ Str-5 Dex+9 Stlth+}
Stlth    ++........             V - amulet of magic regeneration
Regen    0.4/turn               f - ring of wizardry
MPRegen  0.4/turn               C - ring of ice

@: confused, slowed, very slow
A: talons 2, large bone plates 3, cold resistance 2, deterioration 1, fire
resistance 1, icemail, powered by pain 2, freezing cloud immunity
}: 2/15 runes: barnacled, gossamer
a: Divine Energy, Channel Magic, Forget Spell, Renounce Religion


You were in the Desolation of Salt.
You worshipped Sif Muna.
Sif Muna was exalted by your worship.
You were very hungry.

You visited 9 branches of the dungeon, and saw 39 of its levels.
You visited 2 bazaars.
You also visited: Bailey, Volcano and Desolation.

You collected 4880 gold pieces.
You spent 4337 gold pieces at shops.

Inventory:

Hand Weapons
 a - the +4 falchion of the Omega Point (weapon) {slice, Str+3 Int+6}
   (You found it on level 1 of the Lair of Beasts)

   It inflicts extra damage upon your enemies.
   It affects your strength (+3).
   It affects your intelligence (+6).
Armour
 j - a +1 helmet of intelligence (worn)
 w - a +3 leather armour of fire resistance
 G - a +4 shield of reflection (worn)
 M - a +2 cloak of poison resistance (worn)
 S - the +2 pair of boots of Midsummer (worn) {rF+ Str-5 Dex+9 Stlth+}
   (You bought it in a shop on level 2 of the Orcish Mines)

   It affects your strength (-5).
   It affects your dexterity (+9).
   It protects you from fire.
   It makes you more stealthy.
 T - a +2 pair of gloves (worn)
 W - the +1 robe of a treasure trove (worn) {rF- Int+7 Slay+5}
   (You found it on level 4 of the Vaults)

   It affects your intelligence (+7).
   It affects your accuracy and damage with ranged weapons and melee attacks
   (+5).
   It makes you vulnerable to fire.
Magical Staves
 u - an uncursed staff of air {unknown}
 K - an uncursed staff of wizardry
Jewellery
 f - a ring of wizardry (left hand)
 h - an uncursed ring of see invisible
 C - a ring of ice (right hand)
 D - an uncursed ring of resist corrosion
 V - an amulet of magic regeneration (around neck)
Wands
 R - a wand of digging (20/24)
Scrolls
 c - a scroll of enchant weapon
 g - 20 scrolls of identify
 o - 3 scrolls of amnesia
 p - 6 scrolls of fear
 q - 13 scrolls of teleportation
 t - 23 scrolls of remove curse
 A - 2 scrolls of magic mapping
 N - 3 scrolls of blinking
Potions
 b - 4 potions of heal wounds
 e - 8 potions of haste
 i - 25 potions of curing
 k - a potion of flight
 l - a potion of invisibility
 m - 2 potions of cancellation
 I - 3 potions of resistance
 J - a potion of ambrosia
Miscellaneous
 r - a phial of floods
Comestibles
 d - 21 bread rations
 s - 12 royal jellies
 z - 12 meat rations
 P - 9 fruits


   Skills:
 - Level 7.2 Fighting
 - Level 5.0 Long Blades
 - Level 6.1 Dodging
 - Level 1.7 Stealth
 + Level 13.3 Shields
 + Level 15.6 Spellcasting
 + Level 17.8 Conjurations
 - Level 4.0 Summonings
 + Level 1.2 Necromancy
 - Level 0.8 Translocations
 * Level 19.2 Ice Magic
 - Level 7.2 Air Magic
   Level 4.6 Poison Magic
 - Level 7.3 Invocations


You couldn't memorise any spells.
You knew the following spells:

 Your Spells              Type           Power        Failure   Level  Hunger
a - Spellforged Servitor  Conj/Summ      #######...   3%          7    ##.....
b - Blink                 Tloc           N/A          1%          2    None
c - Summon Ice Beast      Ice/Summ       ########     1%          4    None
d - Glaciate              Conj/Ice       ########..   14%         9    ######.
e - Freezing Cloud        Conj/Ice/Air   ########..   1%          6    None
f - Airstrike             Air            #######...   1%          4    None
g - Swiftness             Chrm/Air       ######..     1%          2    None
h - Dispel Undead         Necr           #####...     7%          5    None
i - Passwall              Tmut/Erth      ####......   1%          2    None
s - Throw Icicle          Conj/Ice       ########     0%          4    None
x - Simulacrum            Ice/Necr       ########..   1%          6    None


Dungeon Overview and Level Annotations

Branches:
Dungeon (15/15)            Temple (1/1) D:7            Lair (6/6) D:9
 Shoals (4/4) Lair:2       Spider (4/4) Lair:3        Slime (0/5) Lair:6
    Orc (2/2) D:12            Elf (1/3) Orc:2        Vaults (5/5) D:14
  Crypt (0/3) Vaults:3     Depths (1/5) D:15

Altars:
Ashenzari
Dithmenos
Elyvilon
Fedhas
Kikubaaqudgha
Nemelex Xobeh
Okawaru
Qazlal
Sif Muna
Trog
Uskayaw
Yredelemnul

Shops:
D:4 **[   D:15 (   Orc:1 ![   Orc:2 ([*=   Vaults:2 !

Portals:
Hell: Depths:1
Abyss: Depths:1
Pandemonium: Depths:1
Trove: Vaults:1 (show slimy rune of Zot)


Innate Abilities, Weirdness & Mutations

You have razor-sharp toenails.
You are completely covered in large bone plates. (SH +8)
Your flesh is very cold resistant. (rC++)
A meltable icy envelope protects you from harm. (AC +10)
You sometimes gain power by taking damage.
You are immune to freezing clouds.
Your body sometimes deteriorates upon taking damage.
Your flesh is heat resistant. (rF+)


Message History

The saltling hits you!
* * * LOW HITPOINT WARNING * * *
The ragged hierophant is engulfed in freezing vapours.
The ragged hierophant casts a spell at you.
A blast of power from the earth and the adjacent constructs strikes you!
* * * LOW HITPOINT WARNING * * *
You focus on the pain.
You feel your power returning.
The saltling is engulfed in freezing vapours.
The saltling hits you.
* * * LOW HITPOINT WARNING * * *
The saltling is engulfed in freezing vapours.
The saltling barely misses you.
You kill the ragged hierophant!
Sif Muna accepts your kill.
You feel your strength returning.
The peacekeeper is engulfed in freezing vapours.
The peacekeeper bites you.
* * * LOW HITPOINT WARNING * * *
The peacekeeper claws you!
You die...

.......∩.......
.................
..##...........8..
................8§
§............8....
§.....§§§....8....
......§§88§§§§...§
......§§88§§§#...§
§......§8@8§§§.8.§
§§.....§888§§§....
.......§§§§§§.....
.....§..§§§.§§....
#....S..§§§§§§...8
..................
..................
....#...........
.........8..8#.


You could see 2 peacekeepers, a guardian serpent and 8 saltlings.

Vanquished Creatures
  Arachne (Spider:4)
  Rupert (Orc:2)
  A large abomination (Vaults:2)
  The ghost of Mellonil the Warrior, an adept MiBe of Trog (Depths:1)
  A kraken (Shoals:4)
  A sphinx (Vaults:3)
  2 tengu reavers (Depths:1)
  Donald (Orc:1)
  Ilsuiw (Shoals:3)
  2 fire giants
  2 frost giants
  A cacodemon (Depths:1)
  A deep elf sorcerer (Vaults:2)
  8 vault wardens
  4 emperor scorpions
  3 ghost moths
  An orc warlord (Orc:2)
  17 ironheart preservers
  A very ugly thing (Depths:1)
  3 stone giants
  4 entropy weavers
  2 spark wasps
  A deep elf demonologist (Vaults:2)
  3 deep elf annihilators
  Snorg (D:10)
  6 merfolk javelineers
  4 ettins
  A ragged hierophant (Desolation)
  3 deep elf death magi
  2 jiangshi (Depths:1)
  10 merfolk impalers
  8 yaktaur captains
  A servant of whispers (Elf:1)
  A great orb of eyes (Vaults:1)
  Erolcha (D:9)
  Harold (D:12)
  5 rakshasas
  2 ice dragons
  13 vault guards
  A peacekeeper (Desolation)
  7 hydras
  2 alligator snapping turtles (Shoals:4)
  34 two-headed ogres
  A satyr (Shoals:4)
  7 centaur warriors
  2 death knights
  11 ogre magi
  5 merfolk avatars
  2 deep troll shamans
  A two-headed ogre (shapeshifter) (Vaults:1)
  2 tengu warriors
  A queen ant (shapeshifter) (Vaults:3)
  A death yak (Lair:5)
  4 orc high priests (Orc:2)
  2 vampire magi (Depths:1)
  2 dancing weapons (Elf:1)
  A deep troll earth mage (Vaults:1)
  Nergalle (D:10)
  Sonja (Lair:2)
  3 deep elf knights
  A skeletal warrior (Vaults:3)
  2 shadow wraiths
  3 unseen horrors
  An unseen horror (shapeshifter) (Vaults:2)
  11 sea snakes
  A flayed ghost (Vaults:2)
  4 deep elf archers
  A lindwurm (Lair:3)
  4 wizards
  2 glowing orange brains
  9 deep trolls
  7 ironbrand convokers
  18 harpies
  A phantasmal warrior (Vaults:4)
  22 deep elf magi
  17 orc knights
  47 wolf spiders
  11 manticores
  16 orb spiders
  5 orc sorcerers
  53 ugly things
  2 salamanders (shapeshifter)
  9 fauns
  4 moths of wrath
  A cyclops (shapeshifter) (D:14)
  6 cyclopes
  The ghost of CalmDownMonkey the Ruffian, a novice TrMo of Makhleb (D:6)
  Maurice (D:9)
  A guardian serpent (Desolation)
  3 black mambas
  12 merfolk sirens
  A centaur zombie (D:14)
  13 vault sentinels
  Psyche (D:12)
  2 gargoyles (D:14)
  An orange demon (Depths:1)
  6 centaur skeletons
  7 water nymphs
  6 spiny frogs
  A molten gargoyle (Volcano)
  3 kobold demonologists (D:15)
  2 torpor snails
  4 rime drakes
  A yaktaur (shapeshifter) (Vaults:1)
  2 hellwings (Depths:1)
  An efreet (D:15)
  A komodo dragon (shapeshifter) (Vaults:1)
  8 komodo dragons
  26 yaktaurs
  A rime drake (shapeshifter) (Vaults:2)
  23 demonic crawlers
  4 freezing wraiths
  3 tengu conjurers
  4 harpy zombies (Shoals:1)
  9 trolls
  36 jumping spiders
  31 merfolk
  5 polar bears
  A wolf spider simulacrum (D:15)
  24 blink frogs
  3 meliai (D:14)
  A troll (shapeshifter) (Vaults:1)
  23 hornets
  5 wind drakes
  A wind drake (shapeshifter) (Vaults:1)
  12 saltlings
  30 slime creatures
  A frost giant simulacrum (Vaults:2)
  12 hippogriffs
  A meliai zombie (D:14)
  A harpy skeleton (D:12)
  A raiju (shapeshifter) (Vaults:2)
  3 dream sheep
  11 snapping turtles
  87 redbacks
  25 spriggans
  A shadow (D:15)
  A centaur simulacrum (D:14)
  32 tarantellas
  12 water elementals
  A tarantella (shapeshifter) (D:15)
  4 wyverns
  Eustachio (D:4)
  A vampire (D:14)
  36 yaks
  4 fire elementals
  4 basilisks
  Grum (D:9)
  7 hungry ghosts
  4 wraiths
  A soldier ant (D:14)
  A soldier ant (shapeshifter) (Depths:1)
  5 wargs
  An acid dragon (D:15)
  11 water moccasins
  A water moccasin (shapeshifter) (Vaults:1)
  10 porcupines
  8 black bears
  10 ice beasts
  A phantom (D:13)
  6 sky beasts
  58 orc warriors
  2 necrophages
  25 ogres
  An eye of draining (D:13)
  23 wolves
  14 crocodiles
  15 centaurs
  7 boggarts
  2 big kobolds
  20 bullfrogs
  A glowing shapeshifter simulacrum (Vaults:2)
  A gnoll sergeant (D:9)
  3 wyvern skeletons
  4 scorpions
  24 killer bees
  17 wights
  A vampire bat (Lair:1)
  A howler monkey (D:6)
  7 electric eels
  2 bullfrog zombies
  4 crimson imps
  5 quasits
  25 orc priests
  5 jellies
  5 hounds
  A hound (shapeshifter) (Depths:1)
  An iron imp (Depths:1)
  6 iguanas
  29 orc wizards
  7 hell rats (Lair:5)
  12 worker ants
  2 hound skeletons
  A hound zombie (D:11)
  A worker ant zombie (D:6)
  4 gnolls (D:9)
  25 adders
  6 shadow imps
  3 ufetubi (Depths:1)
  2 oozes
  A worm (D:3)
  A dart slug (D:1)
  5 leopard geckos
  132 orcs
  4 giant cockroaches
  10 goblins
  6 hobgoblins
  19 jackals
  5 quokkas
  A ball python (D:5)
  12 bats
  A frilled lizard (D:5)
  2 jackal skeletons
  21 kobolds
  A leopard gecko skeleton (D:5)
  A quokka skeleton (D:4)
  8 rats
  A butterfly (Lair:5)
  2 fire vortices (D:13)
  2 fungi
  17 plants
  3 tentacles (Shoals:4)
1724 creatures vanquished.

Vanquished Creatures (collateral kills)
  An ancient lich (Vaults:4)
  A vault warden (Vaults:4)
  2 very ugly things (Depths:1)
  An ironheart preserver (Vaults:4)
  A spark wasp (Spider:4)
  A yaktaur captain (Vaults:3)
  An ice dragon (Vaults:4)
  A death knight (Vaults:3)
  A skeletal warrior (Vaults:2)
  A flayed ghost (Vaults:3)
  An ironbrand convoker (Vaults:3)
  A cyclops (D:10)
  An ugly thing (Depths:1)
  A spiny frog (D:9)
  A komodo dragon (D:9)
  A yaktaur (shapeshifter) (Depths:1)
  2 slime creatures (Depths:1)
  A basilisk (D:9)
  A water moccasin (D:9)
  A phantom (D:8)
  A sky beast (D:14)
  2 ogres (Vaults:3)
  A killer bee (D:11)
  A wight (D:6)
  2 orc priests (D:7)
  An orc wizard (D:7)
  A worker ant (D:3)
  An orc (D:7)
32 creatures vanquished.

Vanquished Creatures (others)
  A stone giant (Depths:1)
  A merfolk javelineer (Shoals:4)
  A yaktaur captain (Vaults:1)
  A centaur warrior (D:15)
  An unseen horror (D:14)
  A deep elf archer (Vaults:2)
  A cyclops (D:15)
  9 yaktaurs
  A quasit (Depths:1)
  2 bushes (D:9)
  14 fungi
  26 plants
  A tentacle (Shoals:4)
60 creatures vanquished.

Grand Total: 1816 creatures vanquished

Notes
Turn   | Place    | Note
-------+----------+-------------------------------------------
     0 | D:1      | Hasart the Demonspawn Wizard began the quest for the Orb.
     0 | D:1      | Reached XP level 1. HP: 13/13 MP: 4/4
   359 | D:1      | Gained mutation: You have sharp toenails. [demonic ancestry]
   359 | D:1      | Reached XP level 2. HP: 15/19 MP: 0/6
   803 | D:1      | Learned a level 2 spell: Blink
   806 | D:1      | Learned a level 2 spell: Call Imp
   940 | D:2      | Gained mutation: You are partially covered in large bone plates. (SH +4) [demonic ancestry]
   940 | D:2      | Reached XP level 3. HP: 24/24 MP: 1/7
  1559 | D:2      | Learned a level 3 spell: Mephitic Cloud
  2109 | D:3      | Gained mutation: Your flesh is cold resistant. (rC+) [demonic ancestry]
  2109 | D:3      | Reached XP level 4. HP: 22/30 MP: 0/9
  2680 | D:4      | Noticed Eustachio
  2738 | D:4      | HP: 1/30 [quasit[Eustachio] (1)]
  2751 | D:4      | Killed Eustachio
  2751 | D:4      | Reached skill level 1 in Air Magic
  2751 | D:4      | Reached skill level 1 in Poison Magic
  2751 | D:4      | Gained mutation: You have razor-sharp toenails. [demonic ancestry]
  2751 | D:4      | Reached XP level 5. HP: 10/35 MP: 4/10
  3074 | D:4      | Gained mutation: You are immune to freezing clouds. [demonic ancestry]
  3074 | D:4      | Reached XP level 6. HP: 32/41 MP: 2/11
  3260 | D:4      | Found Zuemah's Antique Armour Emporium.
  4086 | D:4      | Found Nudy's General Store.
  4093 | D:4      | Bought a scroll of teleportation for 30 gold pieces
  4093 | D:4      | Bought a scroll of remove curse for 30 gold pieces
  4115 | D:4      | Found a blossoming altar of Fedhas.
  4234 | D:4      | Reached skill level 5 in Conjurations
  4234 | D:4      | Reached XP level 7. HP: 46/46 MP: 2/13
  4403 | D:4      | Found Jureide's General Store.
  4591 | D:5      | Entered Level 5 of the Dungeon
  5400 | D:5      | Gained mutation: You sometimes gain a little power by taking damage. [demonic ancestry]
  5400 | D:5      | Reached XP level 8. HP: 49/53 MP: 7/15
  5433 | D:5      | Reached skill level 1 in Fighting
  6248 | D:6      | Reached skill level 5 in Spellcasting
  6743 | D:6      | Found a bloodstained altar of Trog.
  6895 | D:6      | Found a sparkling altar of Nemelex Xobeh.
  6896 | D:6      | Noticed CalmDownMonkey's ghost (novice TrMo)
  7744 | D:7      | HP: 2/57 [orc priest/divine providence (13)]
  7928 | D:7      | Found a shattered altar of Ashenzari.
  8052 | D:7      | Gained mutation: A meltable icy envelope protects you from harm. (AC +10) [demonic ancestry]
  8052 | D:7      | Reached XP level 9. HP: 56/64 MP: 3/17
  8167 | D:7      | Found a staircase to the Ecumenical Temple.
  8179 | Temple   | Entered the Ecumenical Temple
  8192 | Temple   | Became a worshipper of Sif Muna the Loreminder
  8510 | D:4      | Bought an uncursed ring of wizardry for 300 gold pieces
  9660 | D:8      | Noticed a two-headed ogre
  9676 | D:8      | Killed a two-headed ogre
  9676 | D:8      | Reached * piety under Sif Muna
  9712 | D:8      | Found a hide-covered altar of Uskayaw.
 10325 | D:9      | Found a white marble altar of Elyvilon.
 10359 | D:9      | Reached XP level 10. HP: 71/73 MP: 19/19
 10489 | D:9      | Reached skill level 5 in Fighting
 10820 | D:9      | Noticed a two-headed ogre
 10824 | D:9      | Noticed Erolcha
 10834 | D:10     | Entered Level 10 of the Dungeon
 10869 | D:10     | Noticed Snorg
 10994 | D:10     | Killed Snorg
 10994 | D:10     | Reached ** piety under Sif Muna
 11379 | D:10     | Reached skill level 5 in Invocations
 11387 | D:10     | Noticed Nergalle
 11442 | D:10     | Killed Nergalle
 11679 | D:10     | Reached XP level 11. HP: 81/81 MP: 12/21
 11753 | D:10     | Reached skill level 5 in Dodging
 12395 | D:10     | Killed an unseen horror
 12395 | D:10     | Reached skill level 10 in Conjurations
 12617 | D:9      | Killed Erolcha
 12617 | D:9      | Reached *** piety under Sif Muna
 12622 | D:9      | Killed a two-headed ogre
 12935 | D:9      | Noticed Maurice
 12939 | D:9      | Noticed Grum
 12997 | D:9      | Killed Grum
 13324 | D:9      | Found a staircase to the Lair.
 13337 | D:9      | Killed Maurice
 14175 | D:9      | Noticed a two-headed ogre
 14208 | D:9      | Killed a two-headed ogre
 14329 | Lair:1   | Entered Level 1 of the Lair of Beasts
 14435 | D:9      | Learned a level 6 spell: Freezing Cloud
 14455 | Lair:1   | Noticed a wolf spider
 14458 | Lair:1   | Reached skill level 1 in Ice Magic
 14467 | Lair:1   | Noticed a wolf spider
 14468 | Lair:1   | Killed a wolf spider
 14468 | Lair:1   | Reached **** piety under Sif Muna
 14710 | D:9      | Killed a wolf spider
 14721 | D:9      | Reached skill level 2 in Ice Magic
 15154 | D:6      | Killed CalmDownMonkey's ghost
 15154 | D:6      | Reached XP level 12. HP: 61/91 MP: 1/24
 15333 | D:4      | Bought a potion of mutation for 112 gold pieces
 16081 | Lair:1   | Reached skill level 3 in Ice Magic
 16402 | Lair:1   | Noticed a seven-headed hydra
 16888 | Lair:2   | Reached skill level 5 in Air Magic
 17303 | Lair:2   | Noticed Sonja
 17315 | Lair:2   | Killed Sonja
 17316 | Lair:2   | Found a staircase to the Shoals.
 17734 | Lair:3   | Reached skill level 4 in Ice Magic
 17739 | Lair:3   | Reached ***** piety under Sif Muna
 17998 | Lair:3   | Identified Sif Muna's Catalogue of Ensnaring Clay (Sif Muna gifted it to you on level 3 of the Lair of Beasts)
 17998 | Lair:3   | Received a gift from Sif Muna
 18013 | Lair:3   | Learned a level 3 spell: Stone Arrow
 18434 | Lair:3   | Reached skill level 5 in Ice Magic
 18543 | Lair:3   | Found a hole to the Spider Nest.
 18685 | Lair:3   | Noticed a seven-headed hydra
 18698 | Lair:3   | Killed a seven-headed hydra
 18866 | Lair:3   | Reached skill level 6 in Ice Magic
 19957 | Lair:4   | Noticed a seven-headed hydra
 19960 | Lair:4   | Killed a seven-headed hydra
 20090 | Lair:4   | Gained mutation: You sometimes gain power by taking damage. [demonic ancestry]
 20090 | Lair:4   | Reached XP level 13. HP: 96/96 MP: 13/26
 20444 | Lair:4   | Received a gift from Sif Muna
 20643 | Lair:4   | Reached skill level 7 in Ice Magic
 21869 | Lair:5   | Reached skill level 1 in Shields
 22538 | Lair:6   | Entered Level 6 of the Lair of Beasts
 22552 | Lair:6   | Reached skill level 8 in Ice Magic
 22766 | Lair:6   | Found a staircase to the Slime Pits.
 22919 | Lair:6   | Learned a level 2 spell: Swiftness
 22998 | Lair:6   | Found a dark tunnel.
 23007 | Volcano  | Entered a volcano
 23540 | Lair:6   | Identified Nosusk's Disquisition on Heat and Toxins (Sif Muna gifted it to you on level 6 of the Lair of Beasts)
 23540 | Lair:6   | Received a gift from Sif Muna
 23568 | Lair:6   | Reached skill level 10 in Spellcasting
 23923 | Lair:6   | Reached skill level 9 in Ice Magic
 24307 | Lair:6   | Reached XP level 14. HP: 102/103 MP: 26/28
 24933 | Lair:2   | Learned a level 4 spell: Summon Ice Beast
 24936 | Lair:2   | Learned a level 2 spell: Passwall
 24943 | Lair:2   | Learned a level 4 spell: Throw Icicle
 25077 | Lair:1   | Got a slimy falchion
 25078 | Lair:1   | Identified the +4 falchion of the Omega Point {slice, Str+3 Int+6} (You found it on level 1 of the Lair of Beasts)
 26700 | D:11     | Reached skill level 1 in Long Blades
 27219 | D:12     | Noticed Harold
 27229 | D:12     | Killed Harold
 27354 | D:12     | Noticed Psyche
 27364 | D:12     | Killed Psyche
 27594 | D:12     | Found a staircase to the Orcish Mines.
 27766 | D:12     | Got a polished war axe
 27767 | D:12     | Identified the cursed +0 war axe "Veuwn" {venom, Int+6 Stlth+} (You found it on level 12 of the Dungeon)
 27887 | D:12     | Identified Sif Muna's Papyrus of the Entourage and Evil (Sif Muna gifted it to you on level 12 of the Dungeon)
 27887 | D:12     | Received a gift from Sif Muna
 29192 | D:13     | Reached skill level 10 in Ice Magic
 29831 | D:14     | Found a flagged portal.
 29844 | Bailey   | Entered a bailey
 30368 | D:14     | Found a gate to the Vaults.
 30679 | D:14     | Reached skill level 5 in Shields
 31733 | D:14     | Reached XP level 15. HP: 103/108 MP: 19/30
 31864 | D:15     | Entered Level 15 of the Dungeon
 31864 | D:15     | Found Kebaitzy's Antique Weapon Emporium.
 31887 | D:15     | Received a gift from Sif Muna
 32066 | D:15     | Found a staircase to the Depths.
 32066 | D:15     | Noticed a fire giant
 32079 | D:15     | Killed a fire giant
 32079 | D:15     | Reached skill level 11 in Ice Magic
 33418 | Orc:1    | Entered Level 1 of the Orcish Mines
 33619 | Orc:1    | Found Fosm's Armour Shoppe.
 33713 | Orc:2    | Entered Level 2 of the Orcish Mines
 33713 | Orc:2    | Noticed Rupert
 33721 | Orc:2    | Noticed Donald
 33721 | Orc:2    | Killed Rupert
 33856 | Orc:1    | Killed Donald
 33856 | Orc:1    | Reached skill level 5 in Long Blades
 34495 | Orc:2    | Reached ****** piety under Sif Muna
 34836 | Orc:2    | Found a staircase to the Elven Halls.
 34935 | Orc:2    | Noticed an orc warlord
 34957 | Orc:2    | Killed an orc warlord
 34993 | Orc:2    | Identified Barunaeg's Collected Works on Cankerous Confrontation (Sif Muna gifted it to you on level 2 of the Orcish Mines)
 34993 | Orc:2    | Received a gift from Sif Muna
 35730 | Orc:1    | Reached skill level 12 in Ice Magic
 35953 | Orc:1    | Found Majiu's Distillery.
 35964 | Orc:1    | Bought a potion of curing for 54 gold pieces
 35964 | Orc:1    | Bought a potion of mutation for 144 gold pieces
 35964 | Orc:1    | Bought a potion of curing for 54 gold pieces
 35964 | Orc:1    | Bought a potion of haste for 180 gold pieces
 35964 | Orc:1    | Bought a potion of heal wounds for 90 gold pieces
 35964 | Orc:1    | Bought a potion of heal wounds for 90 gold pieces
 35964 | Orc:1    | Bought a potion of curing for 54 gold pieces
 35964 | Orc:1    | Bought a potion of heal wounds for 90 gold pieces
 35964 | Orc:1    | Bought a potion of curing for 54 gold pieces
 35964 | Orc:1    | Bought a potion of curing for 54 gold pieces
 36167 | Orc:2    | Paralysed by an orc sorcerer for 3 turns
 36247 | Orc:2    | Found Systrio's Antique Armour Shoppe.
 36248 | Orc:2    | Found Duoclac's Antique Weapon Emporium.
 36249 | Orc:2    | Found Ydatsu's General Store.
 36249 | Orc:2    | Found Afuasser's Jewellery Shoppe.
 36253 | Orc:2    | Bought a scroll of magic mapping for 42 gold pieces
 36253 | Orc:2    | Bought a scroll of identify for 24 gold pieces
 36253 | Orc:2    | Bought a wand of digging (8/24) for 288 gold pieces
 36258 | Orc:2    | Bought an uncursed ring of see invisible for 195 gold pieces
 36269 | Orc:2    | Bought a runed helmet for 210 gold pieces
 36269 | Orc:2    | Bought a pair of glowing boots for 210 gold pieces
 36269 | Orc:2    | Bought a pair of shimmering boots for 266 gold pieces
 36269 | Orc:2    | Bought a pair of embroidered gloves for 210 gold pieces
 36300 | Orc:2    | Identified the +2 pair of boots of Midsummer {rF+ Str-5 Dex+9 Stlth+} (You bought it in a shop on level 2 of the Orcish Mines)
 36946 | Spider:1 | Entered Level 1 of the Spider Nest
 37241 | Spider:1 | You fall through a shaft!
 38275 | Spider:2 | Reached XP level 16. HP: 103/115 MP: 17/31
 38848 | Spider:2 | Identified Xuagil's Compendium of Combat Magic (Sif Muna gifted it to you on level 2 of the Spider Nest)
 38848 | Spider:2 | Received a gift from Sif Muna
 40629 | Spider:3 | Reached skill level 13 in Ice Magic
 42885 | Spider:4 | Entered Level 4 of the Spider Nest
 42915 | Spider:4 | Noticed Arachne
 42915 | Spider:4 | Received a gift from Sif Muna
 43371 | Spider:4 | Killed Arachne
 44961 | Spider:4 | Reached skill level 14 in Ice Magic
 45187 | Spider:4 | Reached XP level 17. HP: 120/120 MP: 21/33
 45534 | Spider:4 | Reached skill level 15 in Conjurations
 47558 | Spider:4 | Got a gossamer rune of Zot
 47650 | Spider:3 | Received a gift from Sif Muna
 47767 | Lair:2   | Learned a level 4 spell: Airstrike
 47801 | Shoals:1 | Entered Level 1 of the Shoals
 48503 | Shoals:1 | Found a gateway to a bazaar.
 48515 | Bazaar   | Entered a bazaar
 48515 | Bazaar   | Found Bejy's Distillery.
 48515 | Bazaar   | Found Gecvu's Gadget Shop.
 48515 | Bazaar   | Found Goanaor's Book Shop.
 48515 | Bazaar   | Found Geps's Book Boutique.
 48530 | Bazaar   | Bought a book of Death for 700 gold pieces
 48532 | Bazaar   | Bought a potion of mutation for 104 gold pieces
 48532 | Bazaar   | Bought 2 potions of curing for 78 gold pieces
 48532 | Bazaar   | Bought a potion of curing for 39 gold pieces
 48532 | Bazaar   | Bought a potion of curing for 39 gold pieces
 48532 | Bazaar   | Bought a potion of haste for 130 gold pieces
 48532 | Bazaar   | Bought a potion of curing for 39 gold pieces
 48532 | Bazaar   | Bought a potion of haste for 130 gold pieces
 50830 | Shoals:3 | Reached skill level 15 in Ice Magic
 51756 | Shoals:4 | Entered Level 4 of the Shoals
 51756 | Shoals:4 | Noticed Ilsuiw
 51783 | Shoals:3 | Killed Ilsuiw
 51783 | Shoals:3 | Identified Sif Muna's Disquisition on Confrontation and the Entourage (Sif Muna gifted it to you on level 3 of the Shoals)
 51783 | Shoals:3 | Received a gift from Sif Muna
 52144 | Shoals:4 | Reached skill level 10 in Shields
 52391 | Shoals:4 | Gained mutation: You are mostly covered in large bone plates. (SH +6) [demonic ancestry]
 52391 | Shoals:4 | Reached XP level 18. HP: 127/127 MP: 22/35
 52750 | Shoals:4 | Got a transparent dagger
 52751 | Shoals:4 | Identified the +3 dagger of Maumuumau {pierce, MR+} (You found it on level 4 of the Shoals)
 52914 | Shoals:4 | Identified the Papyrus of Stolen Souls
 53730 | Shoals:4 | Gained mutation: You are robust. (+10% HP) [potion of mutation]
 53730 | Shoals:4 | Gained mutation: You are weak. (Str -2) [potion of mutation]
 53730 | Shoals:4 | Gained mutation: You have a pair of small horns on your head. [potion of mutation]
 53731 | Shoals:4 | Lost mutation: You are weak. (Str -2) [potion of mutation]
 53731 | Shoals:4 | Lost mutation: You are robust. (+10% HP) [potion of mutation]
 53731 | Shoals:4 | Gained mutation: You are agile. (Dex +2) [potion of mutation]
 53731 | Shoals:4 | Gained mutation: You are somewhat resistant to further mutation. [potion of mutation]
 53731 | Shoals:4 | Gained mutation: You possess an exceptional clarity of mind. [potion of mutation]
 53732 | Shoals:4 | Lost mutation: You are agile. (Dex +2) [potion of mutation]
 53732 | Shoals:4 | Lost mutation: You have a pair of small horns on your head. [potion of mutation]
 53732 | Shoals:4 | Lost mutation: You are somewhat resistant to further mutation. [potion of mutation]
 53732 | Shoals:4 | Gained mutation: Your body sometimes deteriorates upon taking damage. [potion of mutation]
 53732 | Shoals:4 | Gained mutation: You have claws for feet. [potion of mutation]
 53732 | Shoals:4 | Gained mutation: You have a pair of small horns on your head. [potion of mutation]
 53733 | Shoals:4 | Lost mutation: Your body sometimes deteriorates upon taking damage. [potion of mutation]
 53733 | Shoals:4 | Lost mutation: You have claws for feet. [potion of mutation]
 53733 | Shoals:4 | Lost mutation: You have a pair of small horns on your head. [potion of mutation]
 53733 | Shoals:4 | Lost mutation: You possess an exceptional clarity of mind. [potion of mutation]
 53733 | Shoals:4 | Gained mutation: You expend magic power (3 MP) to strengthen your wands. [potion of mutation]
 53733 | Shoals:4 | Gained mutation: You have a pair of small antennae on your head. [potion of mutation]
 53733 | Shoals:4 | Gained mutation: Potions are less effective at restoring your health. [potion of mutation]
 53733 | Shoals:4 | Gained mutation: You are robust. (+10% HP) [potion of mutation]
 53734 | Shoals:4 | Lost mutation: Potions are less effective at restoring your health. [potion of mutation]
 53734 | Shoals:4 | Lost mutation: You expend magic power (3 MP) to strengthen your wands. [potion of mutation]
 53734 | Shoals:4 | Gained mutation: You are somewhat resistant to further mutation. [potion of mutation]
 53735 | Shoals:4 | Lost mutation: You are robust. (+10% HP) [potion of mutation]
 53735 | Shoals:4 | Lost mutation: You have a pair of small antennae on your head. [potion of mutation]
 53735 | Shoals:4 | Lost mutation: You are somewhat resistant to further mutation. [potion of mutation]
 53735 | Shoals:4 | Gained mutation: You tend to lose your temper in combat. [potion of mutation]
 53735 | Shoals:4 | Gained mutation: You have a pair of small antennae on your head. [potion of mutation]
 54558 | Shoals:4 | Got a barnacled rune of Zot
 55162 | Vaults:1 | Entered Level 1 of the Vaults
 55198 | Vaults:1 | Reached skill level 16 in Ice Magic
 55571 | Vaults:1 | Found a portal to a secret trove of treasure.
 55731 | Vaults:1 | Identified Sif Muna's Volume of Icy Attacks (Sif Muna gifted it to you on level 1 of the Vaults)
 55731 | Vaults:1 | Received a gift from Sif Muna
 57979 | Vaults:2 | Reached XP level 19. HP: 112/132 MP: 31/37
 58037 | Vaults:2 | Identified Sif Muna's Incunabulum of Battle Magic (Sif Muna gifted it to you on level 2 of the Vaults)
 58037 | Vaults:2 | Received a gift from Sif Muna
 58084 | Vaults:2 | Learned a level 9 spell: Glaciate
 58768 | Vaults:2 | Reached skill level 17 in Ice Magic
 58857 | Vaults:2 | Found Rul Tim's Distillery.
 58863 | Vaults:2 | Bought a potion of mutation for 88 gold pieces
 58863 | Vaults:2 | Bought a potion of heal wounds for 55 gold pieces
 58863 | Vaults:2 | Bought a potion of curing for 33 gold pieces
 58863 | Vaults:2 | Bought a potion of curing for 33 gold pieces
 58863 | Vaults:2 | Bought a potion of mutation for 88 gold pieces
 58863 | Vaults:2 | Lost mutation: You tend to lose your temper in combat. [potion of mutation]
 58863 | Vaults:2 | Lost mutation: You have a pair of small antennae on your head. [potion of mutation]
 58863 | Vaults:2 | Gained mutation: Your flesh is heat resistant. (rF+) [potion of mutation]
 58863 | Vaults:2 | Gained mutation: Your body sometimes deteriorates upon taking damage. [potion of mutation]
 58863 | Vaults:2 | Gained mutation: Your flesh is very cold resistant. (rC++) [potion of mutation]
 59293 | Vaults:2 | Noticed a Brimstone Fiend
 59580 | Vaults:2 | Received a gift from Sif Muna
 59896 | Vaults:2 | Paralysed by an ogre mage for 5 turns
 59931 | Vaults:2 | HP: 5/132 [deep elf mage/bolt of lightning (22)]
 61040 | Vaults:3 | Learned a level 6 spell: Simulacrum
 61185 | Vaults:3 | Found a staircase to the Crypt.
 61185 | Vaults:3 | Found an ancient bone altar of Kikubaaqudgha.
 61186 | Vaults:3 | Found a basalt altar of Yredelemnul.
 61625 | Vaults:3 | Gained mutation: You are completely covered in large bone plates. (SH +8) [demonic ancestry]
 61625 | Vaults:3 | Reached XP level 20. HP: 134/139 MP: 16/38
 62252 | Vaults:3 | Reached skill level 18 in Ice Magic
 62330 | Vaults:3 | Identified Sif Muna's Handbook of the Harmful Oath (Sif Muna gifted it to you on level 3 of the Vaults)
 62330 | Vaults:3 | Received a gift from Sif Muna
 63489 | Vaults:4 | Reached skill level 15 in Spellcasting
 64401 | Vaults:4 | Noticed an ancient lich
 64411 | Vaults:4 | HP: 3/139 [phantasmal warrior (50)]
 64411 | Vaults:4 | Killed an ancient lich
 64811 | Vaults:4 | Got a bloodstained robe
 64812 | Vaults:4 | Identified the +1 robe of a treasure trove {rF- Int+7 Slay+5} (You found it on level 4 of the Vaults)
 65251 | Vaults:5 | Entered Level 5 of the Vaults
 66145 | D:15     | Identified Sif Muna's Disquisition on Cold and Attacks (Sif Muna gifted it to you on level 15 of the Dungeon)
 66145 | D:15     | Received a gift from Sif Muna
 66855 | Depths:1 | Entered Level 1 of the Depths
 66917 | Depths:1 | Noticed Mellonil's ghost (adept MiBe)
 66929 | Depths:1 | Killed Mellonil's ghost
 67322 | Depths:1 | Found a gateway to Hell.
 67380 | Depths:1 | Found a one-way gate leading to the halls of Pandemonium.
 67387 | Depths:1 | Reached skill level 19 in Ice Magic
 67535 | Depths:1 | Reached XP level 21. HP: 137/144 MP: 29/40
 67559 | Depths:1 | Found a one-way gate to the infinite horrors of the Abyss.
 68973 | Lair:2   | Learned a level 7 spell: Spellforged Servitor
 68979 | Lair:2   | Learned a level 5 spell: Dispel Undead
 69167 | Elf:1    | Entered Level 1 of the Elven Halls
 69271 | Elf:1    | Found a ruined gateway.
 69320 | Elf:1    | Found a flickering gateway to a bazaar.
 69326 | Bazaar   | Entered a bazaar
 69326 | Bazaar   | Found Buir's Armour Boutique.
 69326 | Bazaar   | Found Qint's Antique Weapon Shop.
 69326 | Bazaar   | Found Ezisog's Armour Shop.
 69385 | Desolati | Entered the Desolation of Salt
 69422 | Desolati | Reached skill level 1 in Necromancy
 69423 | Desolati | Identified Sif Muna's Reference Book on the Enchanting Snowflakes (Sif Muna gifted it to you in the Desolation of Salt)
 69423 | Desolati | Received a gift from Sif Muna
 69427 | Desolati | HP: 6/144 [ragged hierophant/a resonance strike (24)]
 69427 | Desolati | HP: 2/144 [peacekeeper (1)]
 69427 | Desolati | Mangled by a peacekeeper

Skill      XL: |  1  2  3  4  5  6  7  8  9 10 11 12 13 14 15 16 17 18 19 20 21 |
---------------+----------------------------------------------------------------+-----
Conjurations   | 2 3 4 5 6 7 9 11 12 13 14 15 16 17 | 17.8
Air Magic      | 1 2 4 6 7 |  7.2
Poison Magic   | 1 2 3 4 |  4.6
Summonings     | 2 3 4 |  4.0
Spellcasting   | 4 5 6 7 8 9 10 11 12 13 14 15 | 15.6
Fighting       | 3 4 6 7 |  7.2
Dodging        | 3 4 6 |  6.1
Invocations    | 3 5 7 |  7.3
Ice Magic      | 2 6 9 10 12 14 15 16 17 19 | 19.2
Shields        | 3 5 6 8 10 11 12 13 | 13.3
Long Blades    | 4 5 |  5.0
Necromancy     | 1 |  1.2
Stealth        | |  1.7
Translocations | |  0.8

Action                   |  1- 3 |  4- 6 |  7- 9 | 10-12 | 13-15 | 16-18 | 19-21 || total
-------------------------+-------+-------+-------+-------+-------+-------+-------++-------
Melee: Dagger            |    37 |       |   252 |   754 |   389 |       |       ||  1432
       Kick              |     6 |    39 |    58 |   122 |       |     3 |       ||   228
       Short sword       |     5 |   190 |       |       |       |       |       ||   195
       Staff             |       |       |       |     3 |    12 |       |       ||    15
       Falchion          |       |       |       |       |  1045 |   621 |   706 ||  2372
 Cast: Magic Dart        |    95 |    74 |   240 |   279 |   175 |    22 |     6 ||   891
       Call Imp          |       |     5 |    25 |    52 |       |       |       ||    82
       Mephitic Cloud    |       |    14 |    23 |   115 |    80 |     1 |     1 ||   234
       Blink             |       |     1 |       |     1 |       |     5 |     1 ||     8
       Stone Arrow       |       |       |       |    34 |    18 |       |       ||    52
       Freezing Cloud    |       |       |       |     3 |   122 |   141 |   100 ||   366
       Throw Icicle      |       |       |       |       |   107 |   481 |   218 ||   806
       Summon Ice Beast  |       |       |       |       |     6 |     5 |     3 ||    14
       Passwall          |       |       |       |       |     2 |       |       ||     2
       Simulacrum        |       |       |       |       |       |       |     8 ||     8
       Airstrike         |       |       |       |       |       |       |     4 ||     4
       Glaciate          |       |       |       |       |       |       |     1 ||     1
Invok: Channel Magic     |       |       |       |       |     1 |       |     2 ||     3
       Divine Energy     |       |       |       |       |       |     1 |       ||     1
       Stop Divine Energ |       |       |       |       |       |     1 |       ||     1
Evoke: Wand              |       |       |       |       |       |     1 |       ||     1
  Use: Scroll            |     1 |     1 |       |     8 |    11 |     7 |     6 ||    34
       Potion            |       |     3 |     2 |     8 |     3 |     9 |     9 ||    34
 Stab: Sleeping          |     1 |     1 |       |     2 |     4 |     2 |     3 ||    13
       Distracted        |     1 |       |       |       |     1 |       |     3 ||     5
       Confused          |       |     8 |     2 |    50 |    48 |       |     1 ||   109
  Eat: Chunk             |     2 |     8 |    16 |    23 |    82 |    49 |    36 ||   216
       Fruit             |       |     2 |     4 |     2 |    13 |    22 |     4 ||    47
       Royal jelly       |       |       |     1 |     4 |       |       |       ||     5
       Meat ration       |       |       |     1 |       |       |     2 |       ||     3
Armor: Robe              |     9 |    47 |       |     5 |       |       |    19 ||    80
       Leather armour    |       |    61 |   137 |   418 |   696 |   573 |   192 ||  2077
Dodge: Dodged            |    34 |   171 |   181 |   500 |   926 |   677 |   296 ||  2785
Block: Other             |     3 |    38 |    61 |   162 |   116 |       |       ||   380
       Buckler           |       |       |       |       |   565 |   669 |       ||  1234
       Shield            |       |       |       |       |       |   252 |   960 ||  1212
       Reflection        |       |       |       |       |       |    37 |    77 ||   114
       Rpst.: Falchion   |       |       |       |       |   151 |   100 |    45 ||   296
